 Dungeon Crawl Stone Soup version 0.19.3-4-gbf9329e (console) character file.

166 Kloppie the Shield-Bearer (level 5, -2/41 HPs)
             Began as a Formicid Fighter on Jan 26, 2017.
             Slain by a gnoll
             ... wielding a +3 spear
              (6 damage)
             ... on level 4 of the Dungeon.
             The game lasted 00:04:37 (2704 turns).

Kloppie the Shield-Bearer (Formicid Fighter)        Turns: 2704, Time: 00:04:38

Health: -2/41      AC:  3    Str: 20 (21) XL:     5   Next: 76%
Magic:  5/5        EV:  8    Int:  6 (7)  God:
Gold:   119        SH: 12    Dex: 11 (14) Spells: 0 memorised, 4 levels left

rFire  . . .     SeeInvis +     a - +0 war axe
rCold  . . .     Gourm    .     b - +0 scale mail
rNeg   . . .     Faith    +     c - +2 shield
rPois  .         Spirit   .     (helmet unavailable)
rElec  .         Reflect  .     (no cloak)
rCorr  .         Harm     .     (no gloves)
MR     .....                    (no boots)
Stlth  +.........               C - amulet of faith
                                w - +3 ring of dexterity
                                p - ring of stealth

@: no status effects
A: permanent stasis, dig shafts and tunnels, four strong arms, antennae 3, claws
1, deformed body, screaming 1
a: Dig, Shaft Self


You were on level 4 of the Dungeon.
You were not hungry.

You visited 2 branches of the dungeon, and saw 5 of its levels.

You collected 119 gold pieces.

Inventory:

Hand Weapons
 a - a +0 war axe (weapon)
Armour
 b - a +0 scale mail (worn)
 c - a +2 shield (worn)
Jewellery
 h - an uncursed amulet of harm {unknown}
 p - a ring of stealth (left claw)
 w - a +3 ring of dexterity (right claw)
 C - an amulet of faith (around neck)
Wands
 i - a wand of digging (5/24)
Scrolls
 l - 6 scrolls of remove curse
 r - a scroll of immolation
 y - 3 scrolls of identify
Potions
 d - 2 potions of might
 e - a potion of lignification
 j - 2 potions of curing
Comestibles
 f - 3 bread rations
 g - 2 slices of pizza
 t - 2 beef jerkies
 v - 2 meat rations
 A - 4 fruits


   Skills:
 - Level 3.2 Fighting
 + Level 3.7 Axes
 - Level 3.2 Armour
 * Level 6.1 Shields


You had 4 spell levels left.
You didn't know any spells.

Dungeon Overview and Level Annotations

Branches:
Dungeon (4/15)             Temple (1/1) D:4

Altars:
Cheibriados
Dithmenos
Elyvilon
Hepliaklqana
Kikubaaqudgha
Nemelex Xobeh
Qazlal
Sif Muna
Trog
Uskayaw
The Shining One


Innate Abilities, Weirdness & Mutations

You are under a permanent stasis effect.
You can dig through walls and to a lower floor.
Your four strong arms can wield two-handed weapons with a shield.
You have a pair of large antennae on your head. (SInv)
You have sharp fingernails.
Armour fits poorly on your strangely shaped body.
You occasionally shout uncontrollably at your foes.


Message History

The gnoll completely misses you. The gnoll hits you but does no damage.
You block the gnoll's attack. The gnoll hits you but does no damage.
You block the gnoll's attack. x2
You block the gnoll's attack. x2
You block the gnoll's attack. x2
The gnoll hits you but does no damage.
The gnoll hits you from afar with an enchanted spear.
* * * LOW HITPOINT WARNING * * *
You block the gnoll's attack. x2
The gnoll hits you but does no damage. You block the gnoll's attack.
You feel better.
You feel less woody.
Your +0 scale mail unmelds from your body.
You block the gnoll's attack.
The gnoll hits you from afar with an enchanted spear.
* * * LOW HITPOINT WARNING * * *
The gnoll hits you from afar with a spear.
* * * LOW HITPOINT WARNING * * *
The gnoll hits you from afar with an enchanted spear.
You die...

#..# #(..#........#
##..# #.(.##........
##...# #...##........
##....# #...#..#......
#.....###.....##......
##......##....##
#..... #.......##...##
#....
########.......##..##
#...
..............g)@.##
#..
..............g...#
########......###.#
####...##..# ######.##
#.# #.# #.# #.#


You could see 2 gnolls.

Vanquished Creatures
  Robin (D:3)
  2 gnolls (D:4)
  5 adders (D:3)
  3 worms
  A dart slug (D:2)
  5 leopard geckos
  3 giant cockroaches
  14 goblins
  8 hobgoblins
  4 jackals (D:3)
  6 kobolds
  A quokka (D:3)
  3 ball pythons
  8 bats
  5 frilled lizards
  6 rats
75 creatures vanquished.

Notes
Turn   | Place    | Note
-------+----------+-------------------------------------------
     0 | D:1      | Kloppie the Formicid Fighter began the quest for the Orb.
     0 | D:1      | Reached XP level 1. HP: 18/18 MP: 1/1
    96 | D:1      | Reached XP level 2. HP: 24/24 MP: 2/2
   136 | D:1      | Reached skill level 4 in Shields
   383 | D:1      | Reached XP level 3. HP: 29/29 MP: 3/3
   696 | D:2      | Found a faded altar of an unknown god.
   884 | D:2      | Reached XP level 4. HP: 29/35 MP: 4/4
  1113 | D:2      | Reached skill level 5 in Shields
  1324 | D:3      | Noticed Robin
  1356 | D:3      | Killed Robin
  1357 | D:3      | Reached XP level 5. HP: 4/41 MP: 5/5
  2204 | D:3      | Gained mutation: Armour fits poorly on your strangely shaped body. [potion of mutation]
  2204 | D:3      | Gained mutation: You have sharp fingernails. [potion of mutation]
  2204 | D:3      | Gained mutation: You occasionally shout uncontrollably at your foes. [potion of mutation]
  2306 | D:4      | Found a staircase to the Ecumenical Temple.
  2320 | Temple   | Entered the Ecumenical Temple
  2623 | D:4      | Reached skill level 6 in Shields
  2704 | D:4      | Slain by a gnoll

Skill      XL: |  1  2  3  4  5 |
---------------+----------------+-----
Shields        | 4 5 6 |  6.1
Axes           | 3 |  3.7
Fighting       | |  3.2
Armour         | |  3.2

Action                   |  1- 3 |  4- 6 || total
-------------------------+-------+-------++-------
Melee: War axe           |   123 |   148 ||   271
  Use: Scroll            |       |    13 ||    13
       Potion            |       |    12 ||    12
 Stab: Distracted        |       |     1 ||     1
  Eat: Chunk             |       |     6 ||     6
Armor: Scale mail        |    49 |    48 ||    97
       Skin              |       |    40 ||    40
Dodge: Dodged            |    48 |    56 ||   104
Block: Shield            |    67 |   131 ||   198
